 Dungeon Crawl Stone Soup version 0.31-a0-210-gccc998df9b (webtiles) character file.

Game seed: 11365863471672287147

40 sanka the Chopper (level 3, -2/29 HPs)
             Began as a Mummy Berserker on June 29, 2023.
             Was a Believer of Trog.
             Slain by a gnoll
             ... wielding a +0 spear
              (4 damage)
             ... on level 2 of the Dungeon.
             The game lasted 00:01:27 (879 turns).

sanka the Chopper (Mummy Berserker)                  Turns: 879, Time: 00:01:27

Health: -2/29      AC:  2    Str: 22    XL:     3   Next: 30%
Magic:  3/3        EV: 12    Int:  6    God:    Trog [**....]
Gold:   51         SH:  0    Dex: 11    Spells: 2/2 levels left

rFire   x . .        a - +0 hand axe
rCold   + . .        (no shield)
rNeg    + + +        b - +0 animal skin
rPois   ∞            (no helmet)
rElec   .            (no cloak)
rCorr   .            (no gloves)
SInv    .            (no boots)
Will    .....        (no amulet)
Stlth   +            (no ring)
HPRegen 0.24/turn    d - ring of flight
MPRegen 0.08/turn

%: faith
@: flying
A: cold resistance 1, negative energy resistance 3, torment resistance 2, heat
vulnerability 1, in touch with death 1, no potions, faith
a: Renounce Religion, Trog's Hand


You were on level 2 of the Dungeon.
You worshipped Trog.
Trog was pleased with you.
You visited 1 branch of the dungeon, and saw 2 of its levels.

You collected 51 gold pieces.


Innate Abilities, Weirdness & Mutations

You are immune to poison.
Your flesh is cold resistant. (rC+)
You are immune to negative energy. (rN+++)
You are immune to unholy pain and torment.
You are vulnerable to heat. (rF-)
You are in touch with the powers of death.
You do not drink.
You have a special connection with the divine. (Faith)


   Skills:
 - Level 3.0 Fighting
 + Level 3.6 Axes
 - Level 1.5 Armour
 - Level 1.5 Dodging


You had 2 spell levels left.
You didn't know any spells.
Your spell library was empty.

Inventory:

Hand Weapons
 a - a +0 hand axe (weapon)
Armour
 b - a +0 animal skin (worn)
Jewellery
 d - a ring of flight (right hand)
Scrolls
 c - a scroll of fear {unknown}
 e - a scroll of silence {unknown}
 f - a scroll of vulnerability {unknown}
 g - a scroll of identify {unknown}

Dungeon Overview and Level Annotations

Branches:
Dungeon (2/15)

Altars:

Annotations:
D:2 Sigmund

......................▒.▒.
..............▒!.......g..
...........†...††......▒.▒
...[..........▒▒.........@
..............▒▒.....▒.▒.
.............▒▒▒▒......▒▒.
.▒▒▒▒......▒▒............
▒▒▒..B.......▒...>..B
▒.MSgg.w.g.........
▒......▒▒g..▒▒.▒........
..▒▒▒▒▒▒.......▒........
▒...▒.▒............
...▒▒▒.▒.▒▒▒........ ▒.▒▒
▒...▒ ▒......? . ▒..▒▒
...... ...▒ ..


You could see a worm, 4 gnolls, a giant cockroach and a ball python.


Message History

The ball python attacks as you move away!
The ball python closely misses you. The ball python barely misses you.
The ball python grabs you. The ball python constricts you.
* * * LOW HITPOINT WARNING * * *
You escape the ball python's grasp.
There is a stone staircase leading up here.
The ball python barely misses you. The ball python grabs you.
You stop ascending the stairs.
The ball python constricts you.
* * * LOW HITPOINT WARNING * * *
You completely miss the ball python.
The ball python is moderately wounded.
The ball python bites you.
* * * LOW HITPOINT WARNING * * *
The ball python constricts you.
* * * LOW HITPOINT WARNING * * *
You closely miss the ball python.
The ball python is moderately wounded.
The gnoll hits you from afar with a +1 halberd of protection.
* * * LOW HITPOINT WARNING * * *
The ball python bites you.
* * * LOW HITPOINT WARNING * * *
The ball python constricts you.
You escape the ball python's grasp.
The gnoll barely misses you.
The gnoll hits you from afar with a +0 spear.
You die...

Action                     || total
---------------------------++-------
  Melee: Hand axe          ||    78
 Armour: Animal skin       ||    21
  Dodge: Dodged            ||    74

Levels and vault maps discovered:
D:1:      minmay_arrival_glassed_features, layout_basic
D:2:      wander_river, layout_rooms, hex_tiny, serial_bayou_ford_a,
          minivault_26, uniq_sigmund

Notes
Turn   | Place    | Note
-------+----------+-------------------------------------------
     0 | D:1      | sanka the Mummy Berserker began the quest for the Orb.
     0 | D:1      | Reached XP level 1. HP: 18/18 MP: 1/1
   155 | D:1      | Reached skill level 3 in Axes
   155 | D:1      | Reached XP level 2. HP: 24/24 MP: 2/2
   360 | D:1      | Reached ** piety under Trog
   716 | D:1      | Gained mutation: You are in touch with the powers of death.
                  | [Mummy growth]
   716 | D:1      | Reached XP level 3. HP: 29/29 MP: 3/3
   864 | D:2      | Noticed Sigmund
   878 | D:2      | HP: 2/29 [ball python (1)]
   879 | D:2      | Slain by a gnoll

Vanquished Creatures
  An adder (D:2)
  A dart slug (D:1)
  A bat (D:1)
  An endoplasm (D:1)
  A giant cockroach (D:1)
  A goblin (D:1)
  2 hobgoblins (D:1)
  8 jackals (D:1)
  A quokka (D:1)
  2 ball pythons (D:1)
  4 kobolds (D:1)
  3 rats
26 creatures vanquished.
